TOP OF THE 1ST |
Trenton Stars batting - Pitching for Utica Unicorns : RHP Alberto Parra
|
Pitching: RHP Alberto Parra
|
|
Batting: SHB Nick Marshall
|
0-0: Ball 1-0: Called Strike 1-1: Swinging Strike 1-2: Foul Ball, location: 2F 1-2: Ball 2-2: Strikes out swinging
|
Batting: RHB Felipe Olivas
|
0-0: Ball 1-0: Ground out 4-3 (Groundball, 4)
|
Batting: RHB Rafael Canales
|
0-0: Swinging Strike 0-1: Ball 1-1: Swinging Strike 1-2: Strikes out swinging
|
Top of the 1st over - 0 run(s), 0 hit(s), 0 error(s), 0 left on base; Trenton 0 - Utica 0 |
BOTTOM OF THE 1ST |
Utica Unicorns batting - Pitching for Trenton Stars : RHP Darrell Stanley
|
Pitching: RHP Darrell Stanley
|
|
Batting: RHB Gustavo Rodríguez
|
0-0: Foul Ball, location: 2F 0-1: Fly out, F9 (Flyball, 9LMF)
|
Batting: RHB Gerald Burnett
|
0-0: SINGLE (Line Drive, 8RS)
|
Batting: LHB Pedro Zaragoza
|
0-0: Called Strike 0-1: Foul Ball, location: 2F 0-2: Ball 1-2: Strikes out swinging
|
Batting: RHB Fernando Gálvez
|
0-0: Called Strike 0-1: Ball 1-1: SINGLE (Line Drive, 9S) Gerald Burnett to second
|
Batting: RHB Marcos Castillo
|
0-0: Ball 1-0: Fly out, F4 (Popup, 4D)
|
Bottom of the 1st over - 0 run(s), 2 hit(s), 0 error(s), 2 left on base; Trenton 0 - Utica 0 |
TOP OF THE 2ND |
Trenton Stars batting - Pitching for Utica Unicorns : RHP Alberto Parra
|
Batting: RHB Roberto Chávez
|
0-0: Ball 1-0: Called Strike 1-1: Swinging Strike 1-2: SINGLE (Groundball, 56) (infield hit)
|
Batting: LHB Ricardo Brandariz
|
0-0: SINGLE (Groundball, 56D) Roberto Chávez to second
|
Batting: RHB Jesús Dávila
|
0-0: Foul Ball, location: 2F 0-1: Fly out, F8 (Flyball, 8RD) Runner from 2nd tags up, SAFE at 3rd, no throw
|
Batting: LHB Jeff Gordon
|
0-0: Ball 1-0: Ball 2-0: Foul Ball, location: 2F 2-1: Ball 3-1: Foul Ball, location: 2F 3-2: Foul Ball, location: 2F 3-2: Strikes out swinging Ricardo Brandariz steals 2nd base Batter strikes out.
|
Batting: RHB Jonas Uttley
|
0-0: Called Strike 0-1: Foul Ball, location: 2F 0-2: Ball 1-2: Foul Ball, location: 2F 1-2: Ground out 6-3 (Groundball, 6)
|
Top of the 2nd over - 0 run(s), 2 hit(s), 0 error(s), 2 left on base; Trenton 0 - Utica 0 |
BOTTOM OF THE 2ND |
Utica Unicorns batting - Pitching for Trenton Stars : RHP Darrell Stanley
|
Batting: RHB Carlos García
|
0-0: Ball 1-0: Ball 2-0: Ball 3-0: Called Strike 3-1: Called Strike 3-2: Base on Balls
|
Batting: RHB Héctor Jiménez
|
0-0: Fly out, F8 (Line Drive, 8RM)
|
Batting: RHB Jack Bailey
|
0-0: Ball 1-0: Called Strike 1-1: Called Strike 1-2: Ball 2-2: Fly out, F3 (Popup, 3S)
|
Batting: RHB Mitsuoki Taguchi
|
0-0: Foul Ball, location: 2F 0-1: Ball 1-1: Ball 2-1: Fly out, F5 (Line Drive, 5)
|
Bottom of the 2nd over - 0 run(s), 0 hit(s), 0 error(s), 1 left on base; Trenton 0 - Utica 0 |
TOP OF THE 3RD |
Trenton Stars batting - Pitching for Utica Unicorns : RHP Alberto Parra
|
Batting: LHB Ju-wei Shiu
|
0-0: Foul Ball, location: 2F 0-1: Ball 1-1: Foul Ball, location: 2F 1-2: Ball 2-2: Foul Ball, location: 2F 2-2: Foul Ball, location: 2F 2-2: Ground out 6-3 (Groundball, 56)
|
Batting: SHB Nick Marshall
|
0-0: Ball 1-0: Ball 2-0: Ball 3-0: DOUBLE (Line Drive, 7LM)
|
Batting: RHB Felipe Olivas
|
0-0: Called Strike 0-1: Ball 1-1: Swinging Strike 1-2: Ball 2-2: Foul Ball, location: 2F 2-2: Foul Ball, location: 2F 2-2: Foul Ball, location: 2F 2-2: Foul Ball, location: 2F 2-2: Foul Ball, location: 2F 2-2: Ground out 3-1 (Groundball, 34) Nick Marshall to third
|
Batting: RHB Rafael Canales
|
0-0: Ball 1-0: Foul Ball, location: 2F 1-1: Ball 2-1: Ball 3-1: Base on Balls
|
Batting: RHB Roberto Chávez
|
0-0: Ball 1-0: Called Strike 1-1: Called Strike 1-2: Foul Ball, location: 2F 1-2: Ball 2-2: Foul Ball, location: 2F 2-2: SINGLE (Groundball, 34D) Nick Marshall scores Rafael Canales to second Runner from 2nd tries for 3rd, SAFE, throw made to third
|
Batting: LHB Ricardo Brandariz
|
0-0: Ball Roberto Chávez is caught stealing 2nd base
|
Top of the 3rd over - 1 run(s), 2 hit(s), 0 error(s), 0 left on base; Trenton 1 - Utica 0 |
BOTTOM OF THE 3RD |
Utica Unicorns batting - Pitching for Trenton Stars : RHP Darrell Stanley
|
Batting: RHB Gustavo Rodríguez
|
0-0: Ball 1-0: Ball 2-0: Ball 3-0: Called Strike 3-1: Foul Ball, location: 2F 3-2: Foul Ball, location: 2F 3-2: SINGLE (Groundball, 6) (infield hit)
|
Batting: RHB Gerald Burnett
|
0-0: Called Strike 0-1: Foul Ball, location: 2F 0-2: Foul Ball, location: 2F 0-2: Foul Ball, location: 2F 0-2: Foul Ball, location: 2F 0-2: Strikes out swinging
|
Batting: LHB Pedro Zaragoza
|
0-0: Ball 1-0: Called Strike 1-1: Ball 2-1: Called Strike 2-2: Strikes out swinging
|
Batting: RHB Fernando Gálvez
|
0-0: Ball 1-0: Ball 2-0: Ball 3-0: Called Strike 3-1: Foul Ball, location: 2F 3-2: Base on Balls Gustavo Rodríguez to second
|
Batting: RHB Marcos Castillo
|
0-0: Ball 1-0: Ball 2-0: Ground out 1-3 (Groundball, 15)
|
Bottom of the 3rd over - 0 run(s), 1 hit(s), 0 error(s), 2 left on base; Trenton 1 - Utica 0 |
TOP OF THE 4TH |
Trenton Stars batting - Pitching for Utica Unicorns : RHP Alberto Parra
|
Batting: LHB Ricardo Brandariz
|
0-0: Ground out 1-3 (Groundball, 13S)
|
Batting: RHB Jesús Dávila
|
0-0: Ball 1-0: Foul Ball, location: 2F 1-1: Fly out, F9 (Flyball, 9D)
|
Batting: LHB Jeff Gordon
|
0-0: Called Strike 0-1: Foul Ball, location: 2F 0-2: Strikes out looking
|
Top of the 4th over - 0 run(s), 0 hit(s), 0 error(s), 0 left on base; Trenton 1 - Utica 0 |
BOTTOM OF THE 4TH |
Utica Unicorns batting - Pitching for Trenton Stars : RHP Darrell Stanley
|
Batting: RHB Carlos García
|
0-0: Ball 1-0: Called Strike 1-1: Ball 2-1: Fly out, F9 (Flyball, 9S)
|
Batting: RHB Héctor Jiménez
|
0-0: Ball 1-0: Ball 2-0: Ball 3-0: Base on Balls
|
Batting: RHB Jack Bailey
|
0-0: Ball 1-0: Fly out, F9 (Flyball, 9LS)
|
Batting: RHB Mitsuoki Taguchi
|
0-0: Called Strike 0-1: Fly out, F7 (Flyball, 7)
|
Bottom of the 4th over - 0 run(s), 0 hit(s), 0 error(s), 1 left on base; Trenton 1 - Utica 0 |
TOP OF THE 5TH |
Trenton Stars batting - Pitching for Utica Unicorns : RHP Alberto Parra
|
Batting: RHB Jonas Uttley
|
0-0: Called Strike 0-1: Ball 1-1: Called Strike 1-2: Ball 2-2: Ball 3-2: Strikes out swinging
|
Batting: LHB Ju-wei Shiu
|
0-0: Called Strike 0-1: Ball 1-1: Swinging Strike 1-2: Ball 2-2: Ball 3-2: Foul Ball, location: 2F 3-2: SINGLE (Groundball, 56D)
|
Batting: SHB Nick Marshall
|
0-0: Called Strike 0-1: Ball 1-1: Swinging Strike 1-2: Strikes out swinging
|
Batting: RHB Felipe Olivas
|
0-0: Ball 1-0: Called Strike 1-1: Swinging Strike 1-2: Ball 2-2: Strikes out swinging
|
Top of the 5th over - 0 run(s), 1 hit(s), 0 error(s), 1 left on base; Trenton 1 - Utica 0 |
BOTTOM OF THE 5TH |
Utica Unicorns batting - Pitching for Trenton Stars : RHP Darrell Stanley
|
Batting: RHB Gustavo Rodríguez
|
0-0: Ground out U3 (Groundball, 3)
|
Batting: RHB Gerald Burnett
|
0-0: Ball 1-0: SINGLE (Line Drive, 6MD)
|
Batting: LHB Pedro Zaragoza
|
0-0: Ball 1-0: Ball 2-0: Called Strike 2-1: Called Strike 2-2: Strikes out swinging
|
Batting: RHB Fernando Gálvez
|
0-0: Ball 1-0: Fly out, F9 (Flyball, 9S)
|
Bottom of the 5th over - 0 run(s), 1 hit(s), 0 error(s), 1 left on base; Trenton 1 - Utica 0 |
TOP OF THE 6TH |
Trenton Stars batting - Pitching for Utica Unicorns : RHP Alberto Parra
|
Batting: RHB Rafael Canales
|
0-0: Foul Ball, location: 2F 0-1: Called Strike 0-2: Fly out, F8 (Flyball, 8LD)
|
Batting: RHB Roberto Chávez
|
0-0: Called Strike 0-1: Ball 1-1: Foul Ball, location: 2F 1-2: Strikes out swinging
|
Batting: LHB Ricardo Brandariz
|
0-0: Foul Ball, location: 2F 0-1: Ball 1-1: Ground out 4-3 (Groundball, 4S)
|
Top of the 6th over - 0 run(s), 0 hit(s), 0 error(s), 0 left on base; Trenton 1 - Utica 0 |
BOTTOM OF THE 6TH |
Utica Unicorns batting - Pitching for Trenton Stars : RHP Darrell Stanley
|
Batting: RHB Marcos Castillo
|
0-0: Ball 1-0: Fly out, F7 (Flyball, 78D)
|
Batting: RHB Carlos García
|
0-0: Swinging Strike 0-1: Called Strike 0-2: Strikes out swinging
|
Batting: RHB Héctor Jiménez
|
0-0: Ball 1-0: Called Strike 1-1: Called Strike 1-2: Fly out, F8 (Line Drive, 8LD)
|
Bottom of the 6th over - 0 run(s), 0 hit(s), 0 error(s), 0 left on base; Trenton 1 - Utica 0 |
TOP OF THE 7TH |
Trenton Stars batting - Pitching for Utica Unicorns : RHP Alberto Parra
|
Pitching: RHP Mario González
|
|
Batting: RHB Jesús Dávila
|
0-0: Ball 1-0: Called Strike 1-1: DOUBLE (Flyball, 78D) - OUT at third base trying to stretch hit.
|
Pitching: LHP Javier Luna
|
|
Batting: LHB Jeff Gordon
|
0-0: Ball 1-0: Ball 2-0: Ball 3-0: Called Strike 3-1: Foul Ball, location: 2F 3-2: Foul Ball, location: 2F 3-2: Strikes out looking
|
Batting: RHB Jonas Uttley
|
0-0: Ball 1-0: Called Strike 1-1: Swinging Strike 1-2: Foul Ball, location: 2F 1-2: Strikes out looking
|
Top of the 7th over - 0 run(s), 1 hit(s), 0 error(s), 0 left on base; Trenton 1 - Utica 0 |
BOTTOM OF THE 7TH |
Utica Unicorns batting - Pitching for Trenton Stars : RHP Darrell Stanley
|
Batting: RHB Jack Bailey
|
0-0: Called Strike 0-1: Hit by Pitch
|
Batting: RHB Mitsuoki Taguchi
|
0-0: Ball Jack Bailey steals 2nd base 1-0: Fly out, F1 (Line Drive, 15)
|
Pinch Hitting: LHB Mitchell Oglethorpe
|
0-0: Foul Ball, location: 2F 0-1: Swinging Strike 0-2: Strikes out swinging
|
Batting: RHB Gerald Burnett
|
0-0: Ball 1-0: Swinging Strike 1-1: Ground out 6-3 (Groundball, 56)
|
Bottom of the 7th over - 0 run(s), 0 hit(s), 0 error(s), 1 left on base; Trenton 1 - Utica 0 |
TOP OF THE 8TH |
Trenton Stars batting - Pitching for Utica Unicorns : LHP Javier Luna
|
Pitching: RHP Claudio Rivera
|
|
Now at 3B: Danny Crouch
|
|
Batting: LHB Ju-wei Shiu
|
0-0: Ball 1-0: Ground out 6-3 (Groundball, 6)
|
Batting: SHB Nick Marshall
|
0-0: Called Strike 0-1: Ball 1-1: Swinging Strike 1-2: Strikes out looking
|
Batting: RHB Felipe Olivas
|
0-0: Called Strike 0-1: Ground out U3 (Groundball, 34)
|
Top of the 8th over - 0 run(s), 0 hit(s), 0 error(s), 0 left on base; Trenton 1 - Utica 0 |
BOTTOM OF THE 8TH |
Utica Unicorns batting - Pitching for Trenton Stars : RHP Darrell Stanley
|
Batting: LHB Pedro Zaragoza
|
0-0: Foul Ball, location: 2F 0-1: Called Strike 0-2: Ball 1-2: Foul Ball, location: 2F 1-2: Strikes out swinging, 2-3 out at first.
|
Pitching: RHP Denver Gallegos
|
|
Batting: RHB Fernando Gálvez
|
0-0: Ball 1-0: Ball 2-0: Ball 3-0: Base on Balls
|
Pinch Hitting: LHB Tom Waller
|
0-0: Ball 1-0: Ball 2-0: Called Strike 2-1: 2-RUN HOME RUN (Flyball, 89XD), Distance : 400 ft
|
Pitching: RHP Jonathan Booker
|
|
Batting: RHB Carlos García
|
0-0: Swinging Strike 0-1: Foul Ball, location: 2F 0-2: Ball 1-2: Ball 2-2: Foul Ball, location: 2F 2-2: Foul Ball, location: 2F 2-2: Ball 3-2: Strikes out swinging
|
Batting: RHB Héctor Jiménez
|
0-0: Called Strike 0-1: Called Strike 0-2: Foul Ball, location: 2F 0-2: Strikes out swinging
|
Bottom of the 8th over - 2 run(s), 1 hit(s), 0 error(s), 0 left on base; Trenton 1 - Utica 2 |
TOP OF THE 9TH |
Trenton Stars batting - Pitching for Utica Unicorns : RHP Claudio Rivera
|
Pitching: RHP Jorge Pérez
|
|
Now at 1B: Tom Waller
|
|
Batting: RHB Rafael Canales
|
0-0: Ball 1-0: Foul Ball, location: 2F 1-1: Foul Ball, location: 2F 1-2: Fly out, F9 (Flyball, 9LS)
|
Batting: RHB Roberto Chávez
|
0-0: Foul Ball, location: 2F 0-1: Fly out, F9 (Flyball, 9LM)
|
Batting: LHB Ricardo Brandariz
|
0-0: Ball 1-0: Ground out U3 (Groundball, 3)
|
Top of the 9th over - 0 run(s), 0 hit(s), 0 error(s), 0 left on base; Trenton 1 - Utica 2 |
|